 Dungeon Crawl Stone Soup version 0.27.0-1-g7a089689b8 (webtiles) character file.

Game seed: 15016578115285979030

219 hawla the Grave Robber (level 5, -3/30 HPs)
             Began as a Deep Elf Necromancer on Aug 16, 2021.
             Splashed by a jelly's acid (5 damage)
             ... on level 5 of the Dungeon.
             The game lasted 00:08:02 (3667 turns).

hawla the Grave Robber (Deep Elf Necromancer)       Turns: 3667, Time: 00:08:03

Health: -3/30      AC: -6    Str:  5    XL:     5   Next: 63%
Magic:  3/12       EV: 13    Int: 21    God:
Gold:   114        SH:  0    Dex: 15    Spells: 2/10 levels left

rFire    . . .     SeeInvis .   i - +0 quarterstaff
rCold    . . .     Faith    .   (shield currently unavailable)
rNeg     . . .     Spirit   .   a - +0 robe
rPois    .         Reflect  .   (no helmet)
rElec    .         Harm     .   (no cloak)
rCorr    .         Rampage  .   (no gloves)
Will     .....                  (no boots)
Stlth    ++........             (no amulet)
HPRegen  0.10/turn              (no ring)
MPRegen  0.13/turn              (no ring)

@: corroded
A: no striking features
a: no special abilities


You were on level 5 of the Dungeon.
You visited 1 branch of the dungeon, and saw 4 of its levels.

You collected 114 gold pieces.

Inventory:

Hand Weapons
 i - a +0 quarterstaff (weapon)
Missiles
 c - 24 poisoned darts
 e - 8 boomerangs (quivered)
Armour
 a - a +0 robe (worn)
Magical Staves
 g - a staff of air
Jewellery
 k - a ring of resist corrosion
Scrolls
 b - a scroll of enchant weapon {unknown}
 j - a scroll of identify {unknown}
 l - a scroll of holy word {unknown}
 m - a scroll of teleportation {unknown}
Potions
 d - a potion of heal wounds {unknown}
 f - 3 potions of curing {unknown}
 h - a potion of mutation {unknown}


   Skills:
 + Level 2.2 Fighting
 + Level 1.5 Staves
 - Level 1.0 Throwing
 - Level 3.0 Dodging
 - Level 3.0 Stealth
 + Level 3.4 Spellcasting
 + Level 6.2 Necromancy
 - Level 1.0 Evocations


You had 2 spell levels left.
You knew the following spells:

 Your Spells              Type           Power      Damage    Failure   Level
a - Pain                  Necr           100%       1d9       1%          1
b - Vampiric Draining     Necr           14%        2d8       3%          3
c - Animate Dead          Necr           14%        N/A       10%         4

Your spell library contained the following spells:

 Spells                   Type           Power      Damage    Failure   Level
 Animate Skeleton         Necr           58%        N/A       1%          1
 Agony                    Necr           29%        N/A       28%         5


Dungeon Overview and Level Annotations

Branches:
Dungeon (3/15)

Altars:


Message History

Confirm with . or Enter, or press ? or * to list all spells.
The spell is quite dangerous to cast (3% risk of failure)!
Continue anyway?
Aiming: Vampiric Draining (quite dangerous; 3% risk of failure)
Press: ? - help, Shift-Dir - straight line, f/p - ice beast
Aim: an ice beast (lightly wounded)
You draw life force from the ice beast!
You feel life coursing into your body. The ice beast hits you.
The ice beast freezes you!
Ouch! That really hurt!
Casting: Vampiric Draining (quite dangerous; 3% risk of failure)
Confirm with . or Enter, or press ? or * to list all spells.
The spell is quite dangerous to cast (3% risk of failure)!
Continue anyway?
Aiming: Vampiric Draining (quite dangerous; 3% risk of failure)
Press: ? - help, Shift-Dir - straight line, f/p - ice beast
Aim: an ice beast (severely wounded)
You draw life force from the ice beast!
You kill the ice beast!
You feel life coursing into your body.
Training target 2.0 for Fighting reached!
Your Fighting skill increases to level 2!
You need to enable at least one skill for training.
You have reached level 5!
A jelly comes into view.
A jelly is nearby!
A jelly is nearby!
A jelly is nearby!
The jelly quivers.
You sock the jelly!
Your hands burn!
The jelly is severely wounded.
The jelly hits you. The acid corrodes you!
You are splashed with acid!
* * * LOW HITPOINT WARNING * * *
You are too injured to fight recklessly!
Casting: Vampiric Draining (dangerous; 3% risk of failure)
Confirm with . or Enter, or press ? or * to list all spells.
Aiming: Vampiric Draining (dangerous; 3% risk of failure)
Press: ? - help, Shift-Dir - straight line, f - jelly
Aim: a jelly (severely wounded) Nothing appears to happen.
The jelly hits you.
* * * LOW HITPOINT WARNING * * *
The acid corrodes you!
You are splashed with acid.
You die...

##)............
##).........#
...####)........#
...............##
................#
................###
..................##
....................
............@..>....
............J...#...
##........)(....# #.
.............#
........(....#
..............
...............
...............


You could see a jelly.

Vanquished Creatures
  An ice beast (D:5)
  An orc wizard (D:3)
  2 adders (D:3)
  A gnoll (D:1)
  An adder zombie (D:5)
  2 worms
  6 orcs
  7 ball pythons
  5 endoplasms
  2 giant cockroaches (D:1)
  3 goblins
  4 hobgoblins
  4 kobolds
  5 quokkas
  4 bats
  4 frilled lizards
  6 rats
58 creatures vanquished.

Notes
Turn   | Place    | Note
-------+----------+-------------------------------------------
     0 | D:1      | hawla the Deep Elf Necromancer began the quest for the Orb.
     0 | D:1      | Reached XP level 1. HP: 10/10 MP: 6/6
   121 | D:1      | Reached skill level 5 in Necromancy
   418 | D:1      | Reached XP level 2. HP: 9/15 MP: 5/8
  1111 | D:1      | Reached XP level 3. HP: 18/20 MP: 6/9
  1115 | D:1      | Learned a level 3 spell: Vampiric Draining
  1448 | D:1      | Reached skill level 1 in Fighting
  1847 | D:2      | You fall into a shaft and drop 1 floor!
  2807 | D:3      | Reached skill level 6 in Necromancy
  2807 | D:3      | Reached XP level 4. HP: 14/25 MP: 8/10
  2812 | D:3      | Learned a level 4 spell: Animate Dead
  3291 | D:3      | Reached skill level 1 in Evocations
  3467 | D:3      | You fall into a shaft and drop 2 floors!
  3467 | D:5      | Entered Level 5 of the Dungeon
  3475 | D:5      | Reached skill level 1 in Throwing
  3511 | D:5      | Reached skill level 1 in Staves
  3629 | D:5      | Noticed an ice beast
  3638 | D:5      | Killed an ice beast
  3639 | D:5      | Reached XP level 5. HP: 18/30 MP: 2/12
  3667 | D:5      | Splashed by a jelly's acid

Illustrated notes

Levels and vault maps discovered:
D:1:      eino_arrival_tree_alley, layout_loops_ring, minmay_misc_feat_columns,
          minmay_shallow_snake_nest
D:2:      layout_loops_ring, wad_floor_pattern_1
D:3:      layout_rooms
D:5:      minmay_chambers_of_threes, layout_layer_cave,
          mainiacjoe_overflow_tiny_flanked, amethyst_killhole

Skill      XL: |  1  2  3  4 |
---------------+-------------+-----
Necromancy     | 5 6 |  6.2
Stealth        | 3 |  3.0
Dodging        | 3 |  3.0
Fighting       | 1 2 |  2.2
Evocations     | 1 |  1.0
Throwing       | 1 |  1.0
Staves         | 1 |  1.5
Spellcasting   | |  3.4

Action                   |  1- 3 |  4- 6 || total
-------------------------+-------+-------++-------
Melee: Quarterstaff      |     2 |    22 ||    24
Throw: Dart              |     3 |     4 ||     7
       Boomerang         |       |     1 ||     1
 Cast: Pain              |    63 |    12 ||    75
       Vampiric Draining |     6 |     8 ||    14
       Animate Dead      |       |     1 ||     1
  Use: Scroll            |     6 |       ||     6
 Stab: Sleeping          |     1 |     1 ||     2
Armor: Robe              |     5 |     3 ||     8
Dodge: Dodged            |    16 |    17 ||    33
